 Dungeon Crawl Stone Soup version 0.29-a0-384-g6960b1960d (webtiles) character file.

Game seed: 9353500170509677128

20 Bruhh the Chopper (level 2, 21/26 HPs)
             Began as a Hill Orc Fighter on May 7, 2022.
             Was a Follower of Kikubaaqudgha.
             Quit the game on level 1 of the Dungeon.
             The game lasted 00:00:56 (806 turns).

Bruhh the Chopper (Hill Orc Fighter)                 Turns: 806, Time: 00:00:57

Health: 21/26      AC:  6    Str: 18    XL:     2   Next: 79%
Magic:  2/2        EV:  9    Int:  8    God:    Kikubaaqudgha [*.....]
Gold:   44         SH:  4    Dex: 10    Spells: 1/1 levels left

rFire   . . .      SeeInvis .   a - +0 war axe
rCold   . . .      Faith    .   c - +0 buckler
rNeg    . . .      Spirit   .   b - +0 scale mail
rPois   .          Reflect  .   (no helmet)
rElec   .          Harm     .   (no cloak)
rCorr   .          Rampage  .   (no gloves)
Will    .....                   (no boots)
Stlth   ..........              (no amulet)
HPRegen 0.08/turn               (no ring)
MPRegen 0.08/turn               (no ring)

@: no status effects
A: no striking features
a: Renounce Religion, Receive Corpses


You were on level 1 of the Dungeon.
You worshipped Kikubaaqudgha.
Kikubaaqudgha was aware of your devotion.
You visited 1 branch of the dungeon, and saw 1 of its levels.

You collected 44 gold pieces.

Inventory:

Hand Weapons
 a - a +0 war axe (weapon)
Armour
 b - a +0 scale mail (worn)
 c - a +0 buckler (worn)
Scrolls
 e - 2 scrolls of teleportation {unknown}
Potions
 d - a potion of might
 f - a potion of brilliance {unknown}
 g - a potion of degeneration {unknown}


   Skills:
 - Level 3.6 Fighting
 + Level 4.3 Axes
 - Level 3.2 Armour
 - Level 3.2 Shields


You had one spell level left.
You didn't know any spells.
Your spell library contained the following spells:

 Spells                   Type           Power      Damage    Failure   Level
 Animate Skeleton         Necr           0%         N/A       87%         1
 Pain                     Necr           0%         1d4       87%         1
 Sublimation of Blood     Necr           0%         N/A       95%         2
 Agony                    Necr           0%         N/A       100%        5


Dungeon Overview and Level Annotations

Branches:
Dungeon (1/15)

Altars:
Kikubaaqudgha


Message History

Found a faded altar of an unknown god.
A bat is nearby!
A bat is nearby!
A bat is nearby!
A bat is nearby!
You barely miss the bat. You block the bat's attack. The bat misses you.
A rat and a quokka come into view.
Found 4 javelins.
You block the bat's attack. The bat hits you. The quokka bites you.
You closely miss the quokka. The bat barely misses you.
The quokka bites you but does no damage. x2
You hit the quokka but do no damage. You block the bat's attack.
You block the quokka's attack.
You slash the quokka!
You kill the quokka!
The bat barely misses you.
You barely miss the rat. The bat hits you but does no damage.
The rat bites you.
You slash the rat!
You kill the rat!
You block the bat's attack. The bat hits you but does no damage.
You see here a rat corpse.
You closely miss the bat. The bat barely misses you.
The bat hits you but does no damage.
You barely miss the bat. The bat misses you. You block the bat's attack.
You hit the bat.
You kill the bat!
No target in view!
No target in view!
No target in view!
There is a faded altar of an unknown god here.
You cannot tell which god this altar belongs to.
Convert to them anyway?
Kikubaaqudgha accepts your prayer! Kikubaaqudgha welcomes you!
You can now receive cadavers from Kikubaaqudgha.
Kikubaaqudgha grants you a gift!
You add the spells Animate Skeleton, Pain, Sublimation of Blood and Agony to your library.
Are you sure you want to abandon this character and quit the game? (Confirm with "yes".)

# ......# # ##.(....#
#.......# ## ###.......#
.### ######..........
.).######......†........
##..##...[###.†.8...#..#
##.#..#####.†.8.8....#
#.#.## #..8.@.8..##
#...## #...8.8...#
≈≈≈≈≈≈≈≈## #....8...##
#≈≈≈≈≈#≈.###........#
#≈###≈#≈.##.......###
#≈≈≈≈≈#≈........### #..
≈≈≈≈≈≈≈≈......#... #.# #
#.###..#.#..#.# #.#
#.............# #.#


There were no monsters in sight!

Vanquished Creatures
  3 bats (D:1)
  4 endoplasms (D:1)
  2 goblins (D:1)
  A hobgoblin (D:1)
  2 quokkas (D:1)
  2 ball pythons (D:1)
  A frilled lizard (D:1)
  2 kobolds (D:1)
  A rat (D:1)
18 creatures vanquished.

Notes
Turn   | Place    | Note
-------+----------+-------------------------------------------
     0 | D:1      | Bruhh the Hill Orc Fighter began the quest for the Orb.
     0 | D:1      | Reached XP level 1. HP: 19/19 MP: 1/1
    76 | D:1      | Reached skill level 3 in Axes
   120 | D:1      | Reached XP level 2. HP: 13/26 MP: 2/2
   356 | D:1      | Reached skill level 4 in Axes
   788 | D:1      | Found a faded altar of an unknown god.
   805 | D:1      | Prayed at the altar of an unknown god.
   805 | D:1      | Became a worshipper of Kikubaaqudgha
   805 | D:1      | Reached * piety under Kikubaaqudgha
   805 | D:1      | Received a gift from Kikubaaqudgha
   806 | D:1      | Quit the game

Illustrated notes

Levels and vault maps discovered:
D:1:      dpeg_arrival_shrine, layout_rooms,
          chequers_ecumenical_altar_simple_redux, hangedman_decor_lopped,
          minmay_crystal_water

Skill      XL: |  1  2 |
---------------+-------+-----
Axes           | 3 4 |  4.3
Fighting       | |  3.6
Armour         | |  3.2
Shields        | |  3.2

Action                   || total
-------------------------++-------
Melee: War axe           ||    48
Armor: Scale mail        ||    13
Dodge: Dodged            ||    24
Block: Buckler           ||    16

Table legend: (Time is in decaauts)
 A = Elapsed time spent in this place.
 B = Non-inter-level travel time spent in this place.
 C = Inter-level travel time spent in this place.
 D = Time resting spent in this place.
 E = Time spent auto-exploring this place.
 F = Levels seen in this place.
 G = Mean time per level.
                   A        B        C        D        E       F      G
               +--------+--------+--------+--------+--------+-----+--------+
         Total |    822 |    822 |      0 |      0 |    704 |   1 |  822.0 |
       Dungeon |    822 |    822 |      0 |      0 |    704 |   1 |  822.0 |
               +--------+--------+--------+--------+--------+-----+--------+

Top non-repeatable levels by time:
     D:1: 822 daAuts
